 Dungeon Crawl Stone Soup version 0.29-a0-504-gec6baf379c (webtiles) character file.

Game seed: 4749644772479734560

9271 Hopman the Fighter (level 11, -18/101 HPs)
             Began as a Minotaur Fighter on May 28, 2022.
             Was an Elder of Elyvilon.
             Shot with a sling bullet by a centaur warrior (20 damage)
             ... on level 10 of the Dungeon.
             The game lasted 01:04:09 (13458 turns).

Hopman the Fighter (Minotaur Fighter)              Turns: 13458, Time: 01:04:10

Health: -18/101    AC: 15    Str: 34    XL:     11   Next: 20%
Magic:  0/14       EV: 11    Int:  5    God:    Elyvilon [****..]
Gold:   462        SH:  0    Dex: 10    Spells: 10/10 levels left

rFire   + . .      SeeInvis .   a - +4 halberd of Conscience {freeze, rF+ rC+ Will- Str+3}
rCold   + . .      Faith    .   (shield currently unavailable)
rNeg    . . .      Spirit   +   E - +2 swamp dragon scales
rPois   +          Reflect  .   (helmet restricted)
rElec   .          Harm     .   (no cloak)
rCorr   .          Rampage  .   l - +0 pair of gloves
Will    .....                   t - +0 pair of boots
Stlth   +.........              k - amulet of guardian spirit
HPRegen 0.26/turn               d - +6 ring of strength
MPRegen 0.14/turn               (no ring)

@: studying Unarmed Combat
A: horns 2, retaliatory headbutt
a: Renounce Religion, Purification, Heal Other, Heal Self


You were on level 10 of the Dungeon.
You worshipped Elyvilon.
Elyvilon was greatly pleased with you.
You visited 2 branches of the dungeon, and saw 11 of its levels.
You also visited: Sewer and Bailey.

You collected 462 gold pieces.

Inventory:

Hand Weapons
 a - the +4 halberd of Conscience (weapon) {freeze, rF+ rC+ Will- Str+3}
   (You found it on level 7 of the Dungeon)

   It freezes those it strikes, dealing additional cold damage.
   It can also slow down cold-blooded creatures.
   Str:       It affects your strength (+3).
   rF:        It protects you from fire.
   rC:        It protects you from cold.
   Will:      It decreases your willpower.
 b - the +8 spear of Evisceration {speed, rCorr Dex+3}
   (You found it on level 7 of the Dungeon)

   Attacks with this weapon are significantly faster.
   Dex:       It affects your dexterity (+3).
   rCorr:     It protects you from acid and corrosion.
 m - a +0 flail of protection
 p - a +0 flail of venom
Armour
 c - a +0 buckler
 l - a +0 pair of gloves (worn)
 t - a +0 pair of boots (worn)
 w - an orb of mayhem
 E - +2 swamp dragon scales (worn)
 J - a +0 plate armour
Jewellery
 d - a +6 ring of strength (left hand)
 k - an amulet of guardian spirit (around neck)
 o - an amulet of the acrobat
Wands
 e - a wand of paralysis (16)
 f - a wand of mindburst (11)
 r - a wand of polymorph (9)
Scrolls
 g - 5 scrolls of poison
 h - a scroll of fear
 i - a scroll of fog
 q - 2 scrolls of teleportation
 x - a scroll of enchant weapon
 y - a scroll of enchant armour
 A - 3 scrolls of brand weapon
 H - 2 scrolls of magic mapping
Potions
 j - a potion of might
 n - 2 potions of resistance
 s - 4 potions of curing
 u - a potion of cancellation
 v - a potion of haste
 C - a potion of brilliance
 D - a potion of experience {unknown}
 G - a potion of invisibility


   Skills:
 * Level 10.6 Fighting
 - Level 5.5(9.1) Axes
 - Level 5.0(6.2) Maces & Flails
 * Level 10.0(10.7) Polearms
 * Level 10.3 Armour
 - Level 1.1 Dodging
 - Level 0.3 Stealth
 - Level 7.0 Shields
 * Level 6.2 Invocations


You had 10 spell levels left.
You didn't know any spells.
Your spell library contained the following spells:

 Spells                   Type           Power      Damage    Failure   Level
 Animate Armour           Summ/Erth      0%         N/A       100%        4
 Blade Hands              Tmut           0%         N/A       100%        5
 Iron Shot                Conj/Erth      0%         9d1       100%        6


Dungeon Overview and Level Annotations

Branches:
Dungeon (10/15)            Temple (1/1) D:6            Lair (0/6) D:8
  Sewer (visited)          Bailey (visited)
    Orc: D:9-12

Altars:
Ashenzari
Dithmenos
Elyvilon
Fedhas
Gozag
Hepliaklqana
Kikubaaqudgha
Makhleb
Nemelex Xobeh
Qazlal
Ru
Sif Muna
Trog
Uskayaw
Vehumet
Xom
Yredelemnul
Zin
The Shining One

Shops:
D:4 **   D:7 [

Annotations:
D:8 4 exclusions
D:10 3 runed translucent doors


Innate Abilities, Weirdness & Mutations

You have a pair of horns on your head.
You reflexively headbutt those who attack you in melee.


Message History

The swamp worm bites you but does no damage.
You closely miss the swamp worm.
An ogre mage comes into view. It is wielding a +0 dire flail.
A centaur warrior comes into view.
It is wielding a +1 hunting sling of freezing.
The swamp worm bites you!
The centaur warrior shouts!
The ogre mage shouts!
You hit the swamp worm. You freeze the swamp worm.
The swamp worm is lightly wounded.
The centaur warrior shoots a sling bullet.
The sling bullet hits you. The sling bullet freezes you.
The swamp worm bites you!
The centaur warrior shoots a sling bullet.
The sling bullet hits you. The sling bullet freezes you.
The centaur warrior shoots a sling bullet.
The sling bullet hits you!!
* * * LOW HITPOINT WARNING * * *
The sling bullet freezes you.
* * * LOW HITPOINT WARNING * * *
Items here: $ ) [ †.
The centaur warrior shoots a sling bullet.
The sling bullet hits you!!
* * * LOW HITPOINT WARNING * * *
The sling bullet freezes you.
* * * LOW HITPOINT WARNING * * *
You feel better.
The ogre mage gestures wildly while chanting.
The ogre mage flickers and vanishes!
Deactivating autopickup; reactivate with Ctrl-A.
The swamp worm closely misses you. You furiously retaliate!
You headbutt the swamp worm!!
Found 16 gold pieces.
The swamp worm changes into a merfolk!
Found a stone staircase leading down.
The centaur warrior shoots a sling bullet.
The sling bullet hits you!
* * * LOW HITPOINT WARNING * * *
The sling bullet freezes you. Elyvilon protects you from harm!
The centaur warrior shoots a sling bullet.
The sling bullet hits you!!
You die...

... #.# ..####.#.......# ≈.. #.#
....).....#.#...# ... #.####
#####....#.#...# ..## #>.... >.#
#...##+##.... #.. #..#
#$#.###...#cyW#....
###.###..###.#.##...##DTV##...
#...................##OzW##.
#.<.....####.....#.+Duy+.#.
#.##.#.....@......#######... ...
#....#...........#.#[.).#
.................m.....#.#..?#
#.##.#.###......$.............?#
# #.#. .........#...##.....### .
#. .........###.c.#..8..#. ##
###...........#..#)......#
..................?.....#
............#.#.#}#.#


You could see a merfolk shaped shifter and a centaur warrior.

Vanquished Creatures
  A boulder beetle (D:10)
  A two-headed ogre (Bailey)
  A slime creature (D:8)
  A deep elf pyromancer (D:10)
  A hornet (D:9)
  A shadow (D:10)
  A wyvern (D:8)
  5 spriggans (Bailey)
  8 yaks
  Eustachio (D:4)
  2 steam dragons
  An acid dragon (D:9)
  A water moccasin (D:6)
  An orc warrior (D:8)
  A sky beast (D:8)
  3 black bears
  5 ogres (Bailey)
  3 centaurs
  2 phantoms
  6 kobold brigands
  2 bullfrogs
  3 gnoll sergeants
  4 scorpions
  4 wights (D:9)
  9 killer bees (D:8)
  3 howler monkeys
  3 electric eels (D:8)
  3 jellies
  2 hounds (D:5)
  4 orc priests
  A gnoll shaman (D:6)
  2 orc wizards
  4 iguanas
  A mummy (D:4)
  Robin (D:4)
  28 gnolls
  6 adders
  3 river rats (Sewer)
  A shadow imp (D:7)
  3 white imps
  An ufetubus (D:6)
  4 worms (D:3)
  3 dart slugs
  41 orcs
  4 ball pythons
  15 endoplasms
  3 giant cockroaches
  12 goblins
  5 hobgoblins
  11 jackals
  27 kobolds
  6 quokkas
  4 bats
  3 frilled lizards
  A kobold zombie (D:4)
  An orc zombie (D:4)
  10 rats
  A spectral hobgoblin (D:5)
285 creatures vanquished.

Vanquished Creatures (others)
  4 fungi (D:8)
  33 plants (D:8)
  8 toadstools (D:8)
45 creatures vanquished.

Grand Total: 330 creatures vanquished

Notes
Turn   | Place    | Note
-------+----------+-------------------------------------------
     0 | D:1      | Hopman the Minotaur Fighter began the quest for the Orb.
     0 | D:1      | Reached XP level 1. HP: 19/19 MP: 0/0
   160 | D:1      | Reached XP level 2. HP: 24/27 MP: 1/1
   912 | D:2      | Reached XP level 3. HP: 33/33 MP: 2/2
  1465 | D:3      | Reached XP level 4. HP: 36/41 MP: 3/3
  1486 | D:3      | Found a glowing drain.
  1491 | Sewer    | Entered a sewer
  1651 | Sewer    | Noticed a kobold brigand
  1672 | Sewer    | Killed a kobold brigand
  1673 | Sewer    | Reached skill level 1 in Dodging
  1673 | Sewer    | Reached XP level 5. HP: 28/47 MP: 2/4
  1822 | Sewer    | Reached skill level 5 in Axes
  2000 | Sewer    | Found a white marble altar of Elyvilon.
  2010 | Sewer    | Became a worshipper of Elyvilon the Healer
  2369 | D:3      | Reached * piety under Elyvilon
  2405 | D:3      | Reached XP level 6. HP: 55/55 MP: 5/5
  2429 | D:3      | Reached skill level 5 in Fighting
  3175 | D:4      | Noticed Robin
  3196 | D:4      | Killed Robin
  3292 | D:4      | Found Gozag's Platinum Reserve.
  3294 | D:4      | Reached skill level 5 in Armour
  3294 | D:4      | Found an opulent altar of Gozag.
  3345 | D:4      | Noticed Eustachio
  3374 | D:4      | Found a sparkling altar of Nemelex Xobeh.
  3403 | D:4      | Killed Eustachio
  3523 | D:4      | Reached XP level 7. HP: 36/61 MP: 4/6
  3710 | D:4      | Reached ** piety under Elyvilon
  3878 | D:4      | Found Goiv's Assorted Antiques.
  4543 | D:5      | Entered Level 5 of the Dungeon
  4694 | D:5      | Found a hazy altar of Hepliaklqana.
  4752 | D:5      | Found a radiant altar of Vehumet.
  4774 | D:5      | Reached skill level 1 in Maces & Flails
  4774 | D:5      | Reached skill level 5 in Shields
  4774 | D:5      | Reached skill level 1 in Invocations
  4780 | D:5      | Reached skill level 5 in Polearms
  4841 | D:5      | Reached XP level 8. HP: 70/70 MP: 7/7
  4899 | D:5      | Reached *** piety under Elyvilon
  6258 | D:6      | Found a bloodstained altar of Trog.
  6451 | D:6      | Found a staircase to the Ecumenical Temple.
  6460 | Temple   | Entered the Ecumenical Temple
  6807 | D:6      | Reached **** piety under Elyvilon
  7144 | D:7      | Found a flagged portal.
  7151 | D:7      | Identified the +8 spear of Evisceration {speed, rCorr
                  | Dex+3}
  7152 | D:7      | Identified the +4 halberd of Conscience {freeze, rF+ rC+
                  | Will- Str+3}
  7161 | Bailey   | Entered a bailey
  7218 | Bailey   | Reached XP level 9. HP: 43/79 MP: 4/9
  7417 | Bailey   | Noticed a two-headed ogre
  7435 | Bailey   | Killed a two-headed ogre
  8486 | D:7      | Found Qoucubet's Antique Armour Shoppe.
  8531 | D:7      | Found a shadowy altar of Dithmenos.
  8536 | D:7      | Reached XP level 10. HP: 90/90 MP: 11/11
  8743 | D:8      | Found a glowing silver altar of Zin.
  8915 | D:8      | Found a stormy altar of Qazlal.
  9270 | D:8      | HP: 3/91 [electric eel/bolt of electricity (8)]
 10231 | D:8      | Reached skill level 5 in Maces & Flails
 10741 | D:8      | Reached skill level 5 in Invocations
 10752 | D:8      | Found a staircase to the Lair.
 11899 | D:9      | Reached skill level 10 in Fighting
 12094 | D:9      | Found a burning altar of Makhleb.
 12418 | D:9      | Reached XP level 11. HP: 100/100 MP: 14/14
 12424 | D:9      | Reached skill level 10 in Armour
 12711 | D:9      | Found a shimmering blue altar of Sif Muna.
 12812 | D:10     | Entered Level 10 of the Dungeon
 12824 | D:10     | Noticed a red ugly thing
 13032 | D:10     | Noticed a boulder beetle
 13080 | D:10     | Killed a boulder beetle
 13132 | D:10     | Noticed a deep elf pyromancer
 13415 | D:10     | Found a runed translucent door.
 13416 | D:10     | Noticed a centaur warrior
 13416 | D:10     | Noticed a brown ugly thing
 13420 | D:10     | Noticed a two-headed ogre
 13422 | D:10     | Found a runed translucent door.
 13422 | D:10     | Found a runed translucent door.
 13422 | D:10     | Noticed an eight-headed hydra
 13439 | D:10     | Killed a deep elf pyromancer
 13440 | D:10     | Reached skill level 10 in Polearms
 13448 | D:10     | Noticed an ogre mage
 13448 | D:10     | Noticed a centaur warrior
 13451 | D:10     | HP: 5/101 [centaur warrior/sling bullet (17)]
 13457 | D:10     | HP: 2/101 [centaur warrior/sling bullet (11)]
 13457 | D:10     | Elyvilon protects you from harm!
 13458 | D:10     | Shot with a sling bullet by a centaur warrior

Illustrated notes

Levels and vault maps discovered:
D:1:      wander_arrival_peaceful_grave, layout_basic
D:2:      layout_rooms, corexii_corridor_pit
D:3:      kennysheep_big_flooded_room, layout_basic, lightli_sewer_entry_pipes,
          grunt_decor_junction, due_unseen_surprise
D:4:      layout_basic, nicolae_gozag_zags_fifth_avenue,
          nemelex_dance_club_becter, nicolae_ossuary_entry_giza, serial_shops,
          nicolae_shop_crystal, uniq_eustachio, uniq_robin
D:5:      layout_basic, nicolae_hepliaklqana_monster_ancestors,
          nicolae_vehumet_altar_sigil
D:6:      layout_cave_pools, mainiacjoe_overflow_surrounded_room,
          minmay_temple_entry_statues, supply_closet_lemuel
D:7:      layout_loops_cross, marbit_many_paths, enter_bailey_2, serial_shops,
          kennysheep_little_box
D:8:      cheibrodos_fertilizer, layout_basic, zin_statuary,
          mainiacjoe_overflow_brackets, david_lair_generic, serial_bayou,
          serial_bayou_ford_a, serial_bayou_lake_a, serial_bayou_crossing,
          serial_bayou_pond_e, dk_noncrumbling_3
D:9:      layout_stronghold, bloody_makhleb, led_sif_pool
D:10:     minmay_the_grid_four_pointed_star_mashed
          [minmay_the_grid_triangle_9x9_fully_insulated_deathbox,
          minmay_the_grid_triangle_9x9_minimal,
          minmay_the_grid_triangle_9x9_swiss_cheese,
          minmay_the_grid_triangle_9x9_pentomino_pain,
          minmay_the_grid_prize_big_room], layout_loops_cross,
          nicolae_wu_jian_wuxing_cycle, gammafunk_temple_overflow_elements,
          minmay_misc_feat_x, minivault_13
Temple:   nicolae_temple_figure_zero

Skill      XL: |  1  2  3  4  5  6  7  8  9 10 11 |
---------------+----------------------------------+-----
Fighting       | 4 5 6 7 8 10 | 10.6
Armour         | 4 5 7 8 9 10 | 10.3
Shields        | 4 5 6 7 |  7.0
Axes           | 3 4 5 |  5.5
Dodging        | 1 |  1.1
Polearms       | 3 5 6 8 9 10 | 10.0
Maces & Flails | 1 3 4 5 |  5.0
Invocations    | 1 2 3 5 6 |  6.2
Stealth        | |  0.3

Action                   |  1- 3 |  4- 6 |  7- 9 | 10-12 || total
-------------------------+-------+-------+-------+-------++-------
Melee: War axe           |    97 |    78 |    14 |       ||   189
       Headbutt          |     8 |    19 |    28 |    47 ||   102
       Halberd           |       |    52 |   166 |   244 ||   462
       Spear             |       |       |   104 |    11 ||   115
       Flail             |       |       |     3 |       ||     3
Invok: Heal Self         |       |       |     3 |     4 ||     7
       Purification      |       |       |       |     1 ||     1
  Use: Potion            |       |     2 |     4 |     3 ||     9
       Scroll            |       |       |    12 |    10 ||    22
Armor: Scale mail        |    51 |   104 |   104 |       ||   259
       Swamp dragon scal |       |       |     3 |    89 ||    92
Dodge: Dodged            |    53 |    92 |   134 |   110 ||   389
Block: Buckler           |    26 |    20 |     1 |       ||    47

Table legend: (Time is in decaauts)
 A = Elapsed time spent in this place.
 B = Non-inter-level travel time spent in this place.
 C = Inter-level travel time spent in this place.
 D = Time resting spent in this place.
 E = Time spent auto-exploring this place.
 F = Levels seen in this place.
 G = Mean time per level.
                   A        B        C        D        E       F      G
               +--------+--------+--------+--------+--------+-----+--------+
         Total |  13604 |  13163 |    441 |   3733 |   6579 |  13 | 1046.5 |
       Dungeon |  11926 |  11494 |    432 |   2732 |   6290 |  10 | 1192.6 |
        Temple |    123 |    114 |      9 |      0 |    111 |   1 |  123.0 |
         Sewer |    670 |    670 |      0 |    379 |     94 |   1 |  670.0 |
        Bailey |    884 |    884 |      0 |    622 |     83 |   1 |  884.0 |
               +--------+--------+--------+--------+--------+-----+--------+

Top non-repeatable levels by time:
     D:8: 3000 daAuts
     D:4: 1450 daAuts
     D:9: 1372 daAuts
     D:5: 1287 daAuts
     D:3: 1217 daAuts
     D:6: 995 daAuts
  Bailey: 884 daAuts
     D:1: 714 daAuts
     D:7: 709 daAuts
     D:2: 708 daAuts
   Sewer: 670 daAuts
    D:10: 471 daAuts
  Temple: 123 daAuts
